 Dungeon Crawl Stone Soup version 0.17-a0-81-g781747f (webtiles) character file.

100 Emanloe the Chopper (level 4, -1/63 HPs)
             Began as a Deep Dwarf Berserker on Mar 15, 2015.
             Was a Priest of Trog.
             Slain by a gnoll
             ... wielding a +0 halberd
              (3 damage)
             ... on level 3 of the Dungeon.
             The game lasted 00:10:44 (2000 turns).

Emanloe the Chopper (Deep Dwarf Berserker)          Turns: 2000, Time: 00:10:45

Health: -1/63      AC:  4    Str: 26    XL:     4   Next: 47%
Magic:  4/4        EV: 12    Int: 13    God:    Trog [***...]
Gold:   100        SH:  0    Dex: 12    Spells: 0 memorised, 3 levels left

rFire  . . .     SeeInvis .     a - +0 hand axe
rCold  . . .     Clarity  .     b - +0 animal skin
rNeg   . . .     SustAb   .     (no shield)
rPois  .         Gourm    .     (no helmet)
rElec  .         Spirit   .     (no cloak)
rCorr  .         Warding  .     h - +1 pair of gloves
rMut   .         Stasis   .     (no boots)
MR     .....                    (no amulet)
Stlth  ..........               (no ring)
                                (no ring)

@: brilliant, berserking (expiring), non-regenerating, very quick, not resistant
to hostile enchantments, extremely unstealthy
A: damage resistance, recharge devices, sense surroundings 1, slow healing 3
a: Device Recharging, Burn Spellbooks, Berserk, Trog's Hand, Renounce Religion


You were on level 3 of the Dungeon.
You worshipped Trog.
Trog was most pleased with you.
You were not hungry.

You visited 1 branch of the dungeon, and saw 3 of its levels.

You collected 100 gold pieces.

Inventory:

Hand weapons
 a - a +0 hand axe (weapon)
Armour
 b - a +0 animal skin (worn)
 h - a +1 pair of gloves (worn)
Jewellery
 g - an uncursed ring of ice
Magical devices
 c - a wand of heal wounds (7)
Scrolls
 e - a scroll of remove curse
 f - 2 scrolls of identify
Potions
 d - a potion of heal wounds
Comestibles
 i - a bread ration


   Skills:
 + Level 3.2 Fighting
 + Level 3.9 Axes
 + Level 2.9 Armour
 + Level 2.5 Dodging
 + Level 2.0 Stealth
 + Level 2.2 Evocations


You had 3 spell levels left.
You didn't know any spells.

Dungeon Overview and Level Annotations

Branches:
Dungeon (3/15)

Altars:
Dithmenos
Qazlal


Innate Abilities, Weirdness & Mutations

You are resistant to damage.
You can recharge devices by infusing magical energy.
You passively map a small area around you.
You do not heal naturally.


Message History

The gnoll is almost dead.
The gnoll barely misses you.
The gnoll hits you from afar with a spear.
The gnoll hits you but does no damage.
You slash the gnoll!!
You kill the gnoll!
Trog accepts your kill.
Your Evocations skill increases to level 2!
The gnoll hits you with a spear.
* * * LOW HITPOINT WARNING * * *
The gnoll hits you with a halberd!
* * * LOW HITPOINT WARNING * * *
Things that are here:
a flail of holy wrath; a gnoll corpse You slash the gnoll!!
You kill the gnoll!
Trog accepts your kill.
You barely miss the gnoll.
The gnoll hits you from afar with a halberd.
You die...

* #.# * * .
... * #.. #.#
* * ....*#.#
#..##g# ,
#.#....o# ###
* * ......ggK#
#.. , * #)#
#.# .* #@# #.#
, #.# #.# #.#
* #.# #.# #.#
#.# #.# #.# *
#. #.# #.# #.#
##.####.###.#
#<#
.....#...##.#
#.#
............##
#######.#
.##.........#
#.......#


You could see a gnoll, an orc, a hobgoblin and a kobold.

Vanquished Creatures
  2 gnolls (D:3)
  2 adders (D:2)
  A worm (D:2)
  3 giant geckos
  2 ball pythons (D:1)
  7 bats
  2 giant cockroaches (D:2)
  6 goblins
  6 hobgoblins
  5 jackals (D:2)
  3 giant newts
  5 kobolds
  A quokka (D:2)
  7 rats
52 creatures vanquished.

Notes
Turn   | Place    | Note
--------------------------------------------------------------
     0 | D:1      | Emanloe, the Deep Dwarf Berserker, began the quest for the Orb.
     0 | D:1      | Reached XP level 1. HP: 20/20 MP: 1/1
   632 | D:1      | Reached skill level 1 in Stealth
   729 | D:1      | Reached XP level 2. HP: 27/27 MP: 1/1
   731 | D:1      | Reached skill level 1 in Evocations
  1135 | D:2      | Acquired Trog's second power
  1139 | D:2      | Found a stormy altar of Qazlal.
  1173 | D:2      | Reached XP level 3. HP: 29/34 MP: 2/2
  1328 | D:2      | Found a shadowy altar of Dithmenos.
  1784 | D:2      | Reached XP level 4. HP: 35/42 MP: 4/4
  1998 | D:3      | HP: 2/63 [gnoll/halberd (12)]
  2000 | D:3      | Slain by a gnoll

Action                   |  1- 3 |  4- 6 || total
-------------------------+-------+-------++-------
Melee: Hand axe          |   108 |    16 ||   124
Invok: Berserk           |     1 |     1 ||     2
 Abil: Device Recharging |     1 |       ||     1
Evoke: Wand              |       |     2 ||     2
  Use: Scroll            |     8 |       ||     8
       Potion            |     5 |     1 ||     6
  Eat: Bread ration      |     1 |       ||     1
